cohdb
Replays
Latest Replays
All Replays
Popular Replays
Top Player Replays
Match Explorer
How It Works
Community
CoH3 Stats
Reddit
Sign in to upload your games and track your stats! →
Sign in with Steam
Match 43221964
Unlisted
Match 43221964
Overview
Messages
Build Orders
End
Panzergrenadier Squad
250 Light Carrier
Panzergrenadier Squad
Construct Light Support Kompanie
Combat Half-tracks
MG34 Team
Selects Italian Infantry
2.5-tonne Medical Truck
Construct Mechanized Kompanie
Panzerjäger Mechanized Group
Selects Guastatori Squad
Selects L6/40 Light Tank Combat Group
L6/40 Light Tank Combat Group
Veteran Squad Leaders
Chikage
Jeremy
JT
marty_not_mcfly
Bars
Ediger
0
0
Comments
sign in to comment!
No comments posted yet!